 Dungeon Crawl Stone Soup version 0.26-a0-639-g72c4674329 (webtiles) character file.

Game seed: 8717001620449796935

50 Flugslaktarn the Shield-Bearer (level 4, 0/37 HPs)
             Began as a Formicid Fighter on Sept 21, 2020.
             Slain by a scorpion (7 damage)
             ... on level 4 of the Dungeon.
             The game lasted 00:00:31 (1099 turns).

Flugslaktarn the Shield-Bearer (Formicid Fighter)   Turns: 1099, Time: 00:00:32

Health: 0/37       AC:  7    Str: 21 (22) XL:     4   Next: 4%
Magic:  4/4        EV:  8    Int:  4 (7)  God:
Gold:   54         SH:  9    Dex:  7 (10) Spells: 3/3 levels left

rFire    . . .     SeeInvis +   a - +0 war axe
rCold    . . .     Faith    .   c - +0 kite shield
rNeg     . . .     Spirit   .   b - +0 scale mail
rPois    .         Reflect  .   (helmet unavailable)
rElec    .         Harm     .   (no cloak)
rCorr    .         Rampage  .   (no gloves)
MR       .....                  (no boots)
Stlth    ..........             (no amulet)
HPRegen  0.12/turn              (no ring)
MPRegen  0.09/turn              (no ring)

@: lethally poisoned (0 -> -3)
A: permanent stasis, dig shafts and tunnels, four strong arms, antennae 3
a: Dig, Shaft Self


You were on level 4 of the Dungeon.
You visited 1 branch of the dungeon, and saw 4 of its levels.

You collected 54 gold pieces.

Inventory:

Hand Weapons
 a - a +0 war axe (weapon)
Armour
 b - a +0 scale mail (worn)
 c - a +0 kite shield (worn)
Scrolls
 e - a scroll of enchant armour {unknown}
 i - a scroll of fog {unknown}
 j - a scroll of remove curse {unknown}
Potions
 d - a potion of might
 g - a potion of curing {unknown}
 h - a potion of invisibility {unknown}


   Skills:
 * Level 3.9 Fighting
 * Level 2.7 Axes
 + Level 3.7 Armour
 + Level 4.0 Shields


You had 3 spell levels left.
You didn't know any spells.
Your spell library was empty.

Dungeon Overview and Level Annotations

Branches:
Dungeon (4/15)
 Temple: D:4-7

Altars:


Innate Abilities, Weirdness & Mutations

You cannot be hasted, slowed, berserked, paralysed or teleported.
You can dig through walls and to a lower floor.
Your four strong arms can wield two-handed weapons with a shield.
You have a pair of large antennae on your head. (SInv)


Message History

* * * LOW HITPOINT WARNING * * *
You are poisoned.
The scorpion poisons you! The hound closely misses you.
You are too injured to fight recklessly!
You feel sick.
You feel sick. You block the hound's attack.
You see here a small filigree amulet.
You are too injured to fight recklessly!
You hit the orc priest.
The orc priest is moderately wounded.
You barely miss the hound. You hit the scorpion but do no damage.
You block the orc priest's attack. The hound completely misses you.
The scorpion completely misses you.
It was a potion of degeneration.
There was something very wrong with that liquid.
You feel weakened.
You feel dopey.
You feel clumsy.
You feel sick. The hound bites you.
* * * LOW HITPOINT WARNING * * *
You block the orc priest's attack. The scorpion stings you!
You die...

. ........# ..
.......#
...#......#
........# #......#
#......# #......#
#....hs# #....o@#
#......# ###
#...)..# #<#
#......# #.#
#####.## #.#
##.########.#
...#........##.#
#.......###.##.#.#
#.......# #.##.#.#


You could see a scorpion, a hound and an orc priest.

Vanquished Creatures
  An adder (D:2)
  An ooze (D:2)
  A dart slug (D:2)
  2 leopard geckos
  2 orcs (D:4)
  4 bats
  2 goblins (D:2)
  8 hobgoblins
  3 kobolds
  A frilled lizard (D:1)
  2 rats
27 creatures vanquished.

Notes
Turn   | Place    | Note
-------+----------+-------------------------------------------
     0 | D:1      | Flugslaktarn the Formicid Fighter began the quest for the
                  | Orb.
     0 | D:1      | Reached XP level 1. HP: 18/18 MP: 1/1
   130 | D:1      | Reached XP level 2. HP: 17/24 MP: 2/2
   367 | D:2      | Reached XP level 3. HP: 4/30 MP: 3/3
   702 | D:2      | Reached skill level 4 in Shields
  1084 | D:4      | Reached XP level 4. HP: 37/37 MP: 4/4
  1099 | D:4      | Slain by a scorpion

Illustrated notes

Levels and vault maps discovered:
D:1:      shiori_shiawase, layout_basic, minivault_4
D:2:      minmay_angry_zag, layout_basic,
          grunt_temple_overflow_order_and_chaos_1, lemuel_round_altar
D:3:      layout_basic, gammafunk_ghost_stat_death
D:4:      layout_basic

Skill      XL: |  1  2  3 |
---------------+----------+-----
Shields        | 4 |  4.0
Fighting       | |  3.9
Axes           | |  2.7
Armour         | |  3.7

Action                   |  1- 3 |  4- 6 || total
-------------------------+-------+-------++-------
Melee: War axe           |    88 |     7 ||    95
  Use: Potion            |       |     1 ||     1
Armor: Scale mail        |    46 |     2 ||    48
Dodge: Dodged            |    35 |     5 ||    40
Block: Kite shield       |    49 |     9 ||    58

Table legend: (Time is in decaauts)
 A = Elapsed time spent in this place.
 B = Non-inter-level travel time spent in this place.
 C = Inter-level travel time spent in this place.
 D = Time resting spent in this place.
 E = Time spent auto-exploring this place.
 F = Levels seen in this place.
 G = Mean time per level.
                   A        B        C        D        E       F      G
               +--------+--------+--------+--------+--------+-----+--------+
         Total |   1139 |   1104 |     35 |    230 |    631 |   4 |  284.8 |
       Dungeon |   1139 |   1104 |     35 |    230 |    631 |   4 |  284.8 |
               +--------+--------+--------+--------+--------+-----+--------+

Top non-repeatable levels by time:
     D:2: 668 daAuts
     D:1: 250 daAuts
     D:3: 117 daAuts
     D:4: 103 daAuts
